Kraken vs Rangers

Created - 18 décembre 2023 at 20:54

Goals
1 2 3 T
Kraken 0 0 1 1
Rangers 0 1 1 2
Shots
1 2 3 T
Kraken 3 8 14 25
Rangers 10 9 7 26

GoalsPenalties
1st period
No Goal
Nick Seeler (NYR) for Fighting (Major) at 2:06
Ryan Hartman (SEA) for Fighting (Major) at 2:06
Connor Murphy (SEA) for Holding (Minor) at 7:52
Ryan Donato (SEA) for Slashing (Double Minor) at 12:01
Zach Aston-Reese (SEA) for Hooking (Minor) at 17:23
2nd period
1. Rangers , Morgan Barron 8 (Kasperi Kapanen 7) at 8:33
Kevin Shattenkirk (NYR) for Roughing (Minor) at 2:17
Connor Murphy (SEA) for Holding (Minor) at 5:39
Ryan Hartman (SEA) for Hooking (Minor) at 17:53
3rd period
2. Rangers , Anton Lundell 11 (Joel Eriksson Ek 14, Kevin Shattenkirk 11) at 4:48 (SH)
3. Kraken , Ryan Poehling 2 (Curtis Lazar 2, Zach Aston-Reese 2) at 16:56
Martin Fehervary (NYR) for Elbowing (Minor) at 4:32
Goalie Stats
Matt Murray (SEA), 24 saves from 26 shots - (0,923), L, 1-3-0, 59:19 minutes
Alexandar Georgiev (NYR), 24 saves from 25 shots - (0,960), W, 13-15-4, 60:00 minutes
3 StarsOfficial
1 - Alexandar Georgiev (NYR)
2 - Anton Lundell (NYR)
3 - Morgan Barron (NYR)
Referees : François St-Laurent and Furman South
Linesman : Jesse Marquis and Brandon Gawryletz
Game Note
Nick Seeler and Ryan Hartman fight to a draw at 2:06 of 1st period
Finance
Level 1 -- Attendance: 6000 (100%) -- Ticket Income $552,000
Level 2 -- Attendance: 5000 (100%) -- Ticket Income $280,000
Level 3 -- Attendance: 2200 (100%) -- Ticket Income $74,800
Level 4 -- Attendance: 4000 (100%) -- Ticket Income $72,000
Luxury Box -- Attendance: 998 (100%) -- Ticket Income $189,620
Game was played at the Madison Square Garden.
Total Attendance: 18198 (100%)
Total Ticket Income: $1,168,420
Other Income: $350,526
Total Income: $1,518,946



Team Name Goals Shots Shots Attemp Shots Blocked PIM HIT PP PK FO%
Kraken 12563817230 / 2 (0%)044%
Rangers 22651119270 / 6 (0%)056%

Kraken
Player Name POS G A P +/- PIM HIT SHT SB MP PP MP PP SHT PK MP PK SHT FO% FOT GA TA
Artturi LehkonenLW/RW000-1014018:051:5805:2100% 001
Barclay GoodrowC/LW0000011015:590:0005:23050% 402
Charlie CoyleC/RW000-1003118:051:5805:21040% 1500
Christopher TanevD000-1020121:270:0005:4900% 001
Connor MurphyD000-1412116:211:5603:3800% 000
Curtis LazarC/RW011102019:310:0001:1100% 020
David PerronLW/RW000-1031018:252:0000:0000% 111
Ilya LyubushkinD0000010112:450:0002:2800% 000
Jonas BrodinD0001012024:372:0205:2300% 000
Justin HollD000-2010123:481:5605:4900% 000
Oliver BjorkstrandLW/RW000-1011113:591:5801:1300% 100
Radek FaksaC/LW0000001013:560:0005:21071% 700
Ryan DonatoC/LW000041208:380:0000:0000% 000
Ryan HartmanC/RW000-1733016:302:0000:00033% 1510
Ryan PoehlingC/LW101101208:120:0000:000100% 100
Seth JonesD0001022021:022:0200:4300% 000
Vladimir TarasenkoRW000-1011018:252:0000:000100% 110
Zach Aston-ReeseLW/RW011121018:140:0000:0000% 010
Rangers
Player Name POS G A P +/- PIM HIT SHT SB MP PP MP PP SHT PK MP PK SHT FO% FOT GA TA
Adam PelechD0001032024:215:1402:2200% 000
Anton LundellC/LW1011012112:450:4402:1310% 100
Blake WheelerC/RW0000032013:235:3600:0000% 000
Carl GrundstromLW/RW0000000116:140:4100:4200% 011
Christian DvorakC/LW0000010010:520:5101:38067% 300
Evgeny KuznetsovC0000011020:095:3600:51060% 1511
Filip HronekD0000001121:146:3000:1100% 011
Jack HughesC/LW0000012017:355:3600:0000% 000
Jake GuentzelLW/RW0000034117:275:3400:0000% 010
Joel Eriksson EkC0111054020:385:3222:02057% 2301
Kasperi KapanenLW/RW011000109:300:0000:0000% 001
Kevin ShattenkirkD0111210024:266:3001:1100% 000
Martin FehervaryD0000221218:290:1100:4800% 000
Michael PezzettaC/LW000000009:300:0000:0000% 000
Morgan BarronC/LW/RW101003109:300:0000:000100% 100
Nick HoldenD0000000414:280:1101:2700% 000
Nick SeelerD0000511016:345:1401:5700% 001
Sebastian AhoC/LW0000024118:545:3500:3000% 210

Kraken

5 vs 5 Forward
Line #Left WingCenterRight WingPHYDFOFWanted %Time %Time Play
1David PerronRyan HartmanVladimir Tarasenko1224036%15:28
2Oliver BjorkstrandCharlie CoyleArtturi Lehkonen1223025%10:47
3Barclay GoodrowRadek FaksaRyan Donato2212520%8:35
4Zach Aston-ReeseRyan PoehlingCurtis Lazar122519%8:12
5 vs 5 Defense
Line #DefenseDefensePHYDFOFWanted %Time %Time Play
1Seth JonesJonas Brodin0324043%18:19
2Christopher TanevJustin Holl0323535%15:09
3Connor MurphyIlya Lyubushkin0322522%9:34
4Seth JonesJonas Brodin13100%0:00
Power Play Forward
Line #Left WingCenterRight WingPHYDFOFWanted %Time %Time Play
1David PerronRyan HartmanVladimir Tarasenko1135050%2:00
2Oliver BjorkstrandCharlie CoyleArtturi Lehkonen1135050%1:58
Power Play Defense
Line #DefenseDefensePHYDFOFWanted %Time %Time Play
1Seth JonesJonas Brodin0236051%2:02
2Connor MurphyJustin Holl0234049%1:56
Penalty Kill 4 Players Forward
Line #CenterWingPHYDFOFWanted %Time %Time Play
1Radek FaksaBarclay Goodrow1315050%5:56
2Charlie CoyleArtturi Lehkonen1315050%5:59
Penalty Kill 4 Players Defense
Line #DefenseDefensePHYDFOFWanted %Time %Time Play
1Christopher TanevJustin Holl0325049%5:49
2Connor MurphyJonas Brodin0325051%6:06
Penalty Kill 3 Players
Line #WingPHYDFOFWanted %Time %Time PlayDefenseDefensePHYDFOFWanted %Time %Time Play
1Charlie Coyle050500%0:00 Christopher TanevJustin Holl050600%0:00
2Barclay Goodrow050500%0:00 Connor MurphyJustin Holl050400%0:00
4 vs 4 Forward
Line #CenterWingPHYDFOFWanted %Time %Time Play
1Charlie CoyleDavid Perron122500%0:00
2Ryan HartmanOliver Bjorkstrand122500%0:00
4 vs 4 Defense
Line #DefensePHYDFOFWanted %Time %Time Play
1Seth JonesJonas Brodin032500%0:00
2Connor MurphyChristopher Tanev032500%0:00
Last Minutes Offensive
Left WingCenterRight WingDefenseDefense
David PerronRyan HartmanVladimir TarasenkoSeth JonesJustin Holl
Last Minutes Defensive
Left WingCenterRight WingDefenseDefense
Radek FaksaBarclay GoodrowArtturi LehkonenJustin HollChristopher Tanev
Time
Total ForwardTotal DefenseLast Minutes OffensiveLast Minutes Defensive
60:00 60:00 1:050:00
Extra Forwards
Normal PowerPlayPenalty Kill
Ryan Hartman, David Perron, Vladimir TarasenkoRyan Hartman, David PerronBarclay Goodrow
Extra Defensemen
Normal PowerPlayPenalty Kill
Seth Jones, Justin Holl, Connor MurphySeth Jones, Justin HollConnor Murphy
Penalty Shots
Vladimir Tarasenko, David Perron, Charlie Coyle, Oliver Bjorkstrand, Artturi Lehkonen
Goalie
Matt Murray, Frederik Andersen
Scratches
Evgeny Svechnikov (Healthy), Brad Hunt (Healthy)

Rangers

5 vs 5 Forward
Line #Left WingCenterRight WingPHYDFOFWanted %Time %Time Play
1Jack HughesJoel Eriksson EkJake Guentzel0233828%11:59
2Sebastian AhoEvgeny KuznetsovCarl Grundstrom1223831%13:10
3Anton LundellChristian DvorakBlake Wheeler1311919%8:22
4Michael PezzettaMorgan BarronKasperi Kapanen131522%9:30
5 vs 5 Defense
Line #DefenseDefensePHYDFOFWanted %Time %Time Play
1Adam PelechKevin Shattenkirk1223837%15:55
2Filip HronekMartin Fehervary1223736%15:21
3Nick SeelerNick Holden1312027%11:45
4Adam PelechKevin Shattenkirk13150%0:00
Power Play Forward
Line #Left WingCenterRight WingPHYDFOFWanted %Time %Time Play
1Sebastian AhoJoel Eriksson EkJake Guentzel0145553%6:19
2Jack HughesEvgeny KuznetsovBlake Wheeler0234547%5:36
Power Play Defense
Line #DefenseDefensePHYDFOFWanted %Time %Time Play
1Filip HronekKevin Shattenkirk1226056%6:41
2Adam PelechNick Seeler1224044%5:14
Penalty Kill 4 Players Forward
Line #CenterWingPHYDFOFWanted %Time %Time Play
1Joel Eriksson EkAnton Lundell1226087%3:28
2Sebastian AhoChristian Dvorak1224013%0:30
Penalty Kill 4 Players Defense
Line #DefenseDefensePHYDFOFWanted %Time %Time Play
1Adam PelechKevin Shattenkirk1226063%2:31
2Martin FehervaryNick Holden1224037%1:27
Penalty Kill 3 Players
Line #WingPHYDFOFWanted %Time %Time PlayDefenseDefensePHYDFOFWanted %Time %Time Play
1Joel Eriksson Ek131600%0:00 Adam PelechMartin Fehervary131600%0:00
2Anton Lundell131400%0:00 Kevin ShattenkirkNick Holden131400%0:00
4 vs 4 Forward
Line #CenterWingPHYDFOFWanted %Time %Time Play
1Sebastian AhoJack Hughes122600%0:00
2Joel Eriksson EkKasperi Kapanen122400%0:00
4 vs 4 Defense
Line #DefensePHYDFOFWanted %Time %Time Play
1Adam PelechKevin Shattenkirk122600%0:00
2Filip HronekNick Seeler122400%0:00
Last Minutes Offensive
Left WingCenterRight WingDefenseDefense
Jack HughesSebastian AhoJake GuentzelAdam PelechFilip Hronek
Last Minutes Defensive
Left WingCenterRight WingDefenseDefense
Anton LundellJoel Eriksson EkMorgan BarronAdam PelechKevin Shattenkirk
Time
Total ForwardTotal DefenseLast Minutes OffensiveLast Minutes Defensive
60:00 60:00 0:001:06
Extra Forwards
Normal PowerPlayPenalty Kill
Kasperi Kapanen, Anton Lundell, Carl GrundstromChristian Dvorak, Anton LundellChristian Dvorak
Extra Defensemen
Normal PowerPlayPenalty Kill
Nick Holden, Martin Fehervary, Nick SeelerMartin Fehervary, Nick SeelerFilip Hronek
Penalty Shots
Sebastian Aho, Jake Guentzel, Jack Hughes, Joel Eriksson Ek, Blake Wheeler
Goalie
Alexandar Georgiev, Karel Vejmelka
Scratches
None


Play-by-Play

1st period


0:01 of 1st period - Joel Eriksson Ek wins face-off versus Ryan Hartman in neutral zone.
0:33 of 1st period - Snap shot by Charlie Coyle.
0:33 of 1st period - Stopped by Alexandar Georgiev with a rebound.
0:35 of 1st period - Slapshot by Seth Jones.
0:35 of 1st period - Deflect By Artturi Lehkonen.
0:35 of 1st period - Shot Misses the Net.
0:35 of 1st period - Puck is out of play.
0:36 of 1st period - Christian Dvorak wins face-off versus Radek Faksa in Rangers zone.
0:41 of 1st period - Anton Lundell is hit by Ryan Donato and loses puck.
1:00 of 1st period - Anton Lundell is hit by Christopher Tanev.
1:06 of 1st period - Wrist shot by Barclay Goodrow.
1:06 of 1st period - Shot Blocked by Martin Fehervary.
1:56 of 1st period - Snap shot by Blake Wheeler.
1:56 of 1st period - Stopped by Matt Murray without a rebound.
1:57 of 1st period - Evgeny Kuznetsov wins face-off versus Ryan Hartman in Kraken zone.
2:00 of 1st period - Snap shot by Sebastian Aho.
2:00 of 1st period - Shot Misses the Net.
2:06 of 1st period - Nick Seeler and Ryan Hartman fight to a draw.
2:06 of 1st period - Penalty to Nick Seeler for Fighting.
2:06 of 1st period - Penalty to Ryan Hartman for Fighting.
2:07 of 1st period - Charlie Coyle wins face-off versus Evgeny Kuznetsov in neutral zone.
2:11 of 1st period - Off-side.
2:12 of 1st period - Evgeny Kuznetsov wins face-off versus Oliver Bjorkstrand in neutral zone.
2:19 of 1st period - Wrist shot by Oliver Bjorkstrand.
2:19 of 1st period - Shot Misses the Net.
2:39 of 1st period - Barclay Goodrow is hit by Jake Guentzel and loses puck.
3:04 of 1st period - Curtis Lazar is hit by Morgan Barron and loses puck.
3:11 of 1st period - Martin Fehervary is hit by Curtis Lazar and loses puck.
3:24 of 1st period - Charlie Coyle is hit by Blake Wheeler and loses puck.
3:51 of 1st period - Slapshot by Evgeny Kuznetsov.
3:51 of 1st period - Shot Blocked by Christopher Tanev.
3:53 of 1st period - Slapshot by Nick Holden.
3:53 of 1st period - Deflect By Sebastian Aho.
3:53 of 1st period - Stopped by Matt Murray without a rebound.
3:54 of 1st period - Charlie Coyle wins face-off versus Joel Eriksson Ek in Kraken zone.
3:59 of 1st period - Snap shot by Jake Guentzel.
3:59 of 1st period - Shot Blocked by Ilya Lyubushkin.
4:01 of 1st period - Snap shot by Adam Pelech.
4:01 of 1st period - Stopped by Matt Murray with a rebound.
4:03 of 1st period - Slapshot by Jake Guentzel.
4:03 of 1st period - Stopped by Matt Murray with a rebound.
4:05 of 1st period - Snap shot by Adam Pelech.
4:05 of 1st period - Stopped by Matt Murray with a rebound.
4:07 of 1st period - Slapshot by Adam Pelech.
4:07 of 1st period - Shot Blocked by Charlie Coyle.
4:21 of 1st period - Connor Murphy is hit by Sebastian Aho and loses puck.
4:40 of 1st period - Jonas Brodin is hit by Morgan Barron and loses puck.
4:47 of 1st period - Snap shot by Kasperi Kapanen.
4:47 of 1st period - Deflect By Seth Jones.
4:47 of 1st period - Shot Blocked by Curtis Lazar.
4:47 of 1st period - Puck is out of play.
4:48 of 1st period - Barclay Goodrow wins face-off versus Joel Eriksson Ek in Kraken zone.
5:20 of 1st period - Snap shot by Jake Guentzel.
5:20 of 1st period - Shot Blocked by Zach Aston-Reese.
5:22 of 1st period - Wrist shot by Jake Guentzel.
5:22 of 1st period - Stopped by Matt Murray with a rebound.
5:24 of 1st period - Slapshot by Adam Pelech.
5:24 of 1st period - Shot Misses the Net.
5:35 of 1st period - Jonas Brodin is hit by Joel Eriksson Ek and loses puck.
5:44 of 1st period - Wrist shot by Ryan Poehling.
5:44 of 1st period - Shot Blocked by Nick Holden.
6:03 of 1st period - Slapshot by Zach Aston-Reese.
6:03 of 1st period - Shot Misses the Net.
6:05 of 1st period - Slapshot by Connor Murphy.
6:05 of 1st period - Stopped by Alexandar Georgiev without a rebound.
6:06 of 1st period - Barclay Goodrow wins face-off versus Evgeny Kuznetsov in Rangers zone.
6:30 of 1st period - Icing by Kevin Shattenkirk.
6:31 of 1st period - Evgeny Kuznetsov wins face-off versus Charlie Coyle in Rangers zone.
6:36 of 1st period - Charlie Coyle is hit by Adam Pelech and loses puck.
7:29 of 1st period - Snap shot by Sebastian Aho.
7:29 of 1st period - Stopped by Matt Murray without a rebound.
7:30 of 1st period - Charlie Coyle wins face-off versus Joel Eriksson Ek in Kraken zone.
7:40 of 1st period - Wrist shot by Jack Hughes.
7:40 of 1st period - Shot Misses the Net.
7:52 of 1st period - Minor Penalty to Connor Murphy for Holding.
7:53 of 1st period - Joel Eriksson Ek wins face-off versus Barclay Goodrow in Kraken zone.
7:56 of 1st period - Wrist shot by Jake Guentzel.
7:56 of 1st period - Shot Misses the Net.
7:58 of 1st period - Wrist shot by Joel Eriksson Ek.
7:58 of 1st period - Stopped by Matt Murray with a rebound.
8:00 of 1st period - Slapshot by Filip Hronek.
8:00 of 1st period - Shot Misses the Net.
8:02 of 1st period - Slapshot by Joel Eriksson Ek.
8:02 of 1st period - Shot Misses the Net.
8:04 of 1st period - Snap shot by Joel Eriksson Ek.
8:04 of 1st period - Stopped by Matt Murray with a rebound.
8:06 of 1st period - Slapshot by Filip Hronek.
8:06 of 1st period - Shot Misses the Net.
8:27 of 1st period - Christopher Tanev is hit by Nick Seeler and loses puck.
9:04 of 1st period - Blake Wheeler is hit by Ilya Lyubushkin and loses puck.
9:52 of 1st period - Penalty to Connor Murphy is over, Connor Murphy is back on ice.
10:07 of 1st period - Slapshot by Ryan Poehling.
10:07 of 1st period - Shot Misses the Net.
10:15 of 1st period - Slapshot by Kasperi Kapanen.
10:15 of 1st period - Shot Misses the Net.
10:27 of 1st period - Wrist shot by Anton Lundell.
10:27 of 1st period - Stopped by Matt Murray with a rebound.
11:08 of 1st period - Icing by Martin Fehervary.
11:09 of 1st period - Ryan Hartman wins face-off versus Christian Dvorak in Rangers zone.
11:14 of 1st period - Wrist shot by Vladimir Tarasenko.
11:14 of 1st period - Stopped by Alexandar Georgiev without a rebound.
11:15 of 1st period - Evgeny Kuznetsov wins face-off versus Ryan Hartman in Rangers zone.
11:15 of 1st period - Evgeny Kuznetsov is hit by Ryan Hartman.
11:52 of 1st period - Icing by Blake Wheeler.
11:53 of 1st period - Christian Dvorak wins face-off versus Barclay Goodrow in Rangers zone.
12:01 of 1st period - Double Minor Penalty to Ryan Donato for Slashing.
12:02 of 1st period - Joel Eriksson Ek wins face-off versus Charlie Coyle in Kraken zone.
13:41 of 1st period - Barclay Goodrow is hit by Joel Eriksson Ek and loses puck.
16:01 of 1st period - Penalty to Ryan Donato is over, Ryan Donato is back on ice.
16:14 of 1st period - David Perron is hit by Martin Fehervary and loses puck.
16:35 of 1st period - Evgeny Kuznetsov is hit by Zach Aston-Reese and loses puck.
17:23 of 1st period - Minor Penalty to Zach Aston-Reese for Hooking.
17:24 of 1st period - Radek Faksa wins face-off versus Sebastian Aho in Kraken zone.
18:33 of 1st period - Evgeny Kuznetsov is hit by Barclay Goodrow.
19:23 of 1st period - Penalty to Zach Aston-Reese is over, Zach Aston-Reese is back on ice.
19:36 of 1st period - Ryan Hartman is hit by Morgan Barron and loses puck.
19:51 of 1st period - Vladimir Tarasenko is hit by Christian Dvorak and loses puck.
Goals for this period are 0 for Kraken vs 0 for Rangers.
Shots for this period are 3 for Kraken vs 10 for Rangers.

2nd period


0:01 of 2nd period - Joel Eriksson Ek wins face-off versus Ryan Hartman in neutral zone.
0:27 of 2nd period - Christopher Tanev is hit by Sebastian Aho and loses puck.
0:50 of 2nd period - Slapshot by Ryan Donato.
0:50 of 2nd period - Shot Misses the Net.
0:56 of 2nd period - Seth Jones is hit by Martin Fehervary and loses puck.
1:13 of 2nd period - Nick Holden is hit by David Perron and loses puck.
2:03 of 2nd period - Wrist shot by Jack Hughes.
2:03 of 2nd period - Shot Misses the Net.
2:05 of 2nd period - Slapshot by Nick Seeler.
2:05 of 2nd period - Stopped by Matt Murray without a rebound.
2:06 of 2nd period - Ryan Hartman wins face-off versus Evgeny Kuznetsov in Kraken zone.
2:06 of 2nd period - Ryan Hartman is hit by Adam Pelech.
2:17 of 2nd period - Minor Penalty to Kevin Shattenkirk for Roughing.
2:18 of 2nd period - Joel Eriksson Ek wins face-off versus Ryan Hartman in Rangers zone.
2:44 of 2nd period - Charlie Coyle is hit by Anton Lundell and loses puck.
3:43 of 2nd period - Seth Jones is hit by Evgeny Kuznetsov and loses puck.
4:17 of 2nd period - Penalty to Kevin Shattenkirk is over, Kevin Shattenkirk is back on ice.
4:33 of 2nd period - Radek Faksa is hit by Kevin Shattenkirk.
5:07 of 2nd period - Evgeny Kuznetsov is hit by Justin Holl.
5:11 of 2nd period - Snap shot by Zach Aston-Reese.
5:11 of 2nd period - Shot Blocked by Martin Fehervary.
5:27 of 2nd period - Morgan Barron is hit by Ryan Hartman and loses puck.
5:39 of 2nd period - Minor Penalty to Connor Murphy for Holding.
5:40 of 2nd period - Radek Faksa wins face-off versus Evgeny Kuznetsov in Kraken zone.
7:39 of 2nd period - Penalty to Connor Murphy is over, Connor Murphy is back on ice.
8:13 of 2nd period - Snap shot by Ryan Poehling.
8:13 of 2nd period - Shot Blocked by Anton Lundell.
8:15 of 2nd period - Slapshot by Seth Jones.
8:15 of 2nd period - Deflect By Christian Dvorak.
8:15 of 2nd period - Stopped by Alexandar Georgiev without a rebound.
8:16 of 2nd period - Morgan Barron wins face-off versus David Perron in Rangers zone.
8:33 of 2nd period - Snap shot by Morgan Barron.
8:33 of 2nd period - Goal by Morgan Barron - Kraken : 0 - Rangers : 1.
8:34 of 2nd period - Evgeny Kuznetsov wins face-off versus Ryan Hartman in neutral zone.
8:39 of 2nd period - Snap shot by Sebastian Aho.
8:39 of 2nd period - Stopped by Matt Murray with a rebound.
9:01 of 2nd period - Sebastian Aho is hit by Christopher Tanev.
9:05 of 2nd period - Snap shot by Barclay Goodrow.
9:05 of 2nd period - Stopped by Alexandar Georgiev without a rebound.
9:06 of 2nd period - Radek Faksa wins face-off versus Joel Eriksson Ek in Rangers zone.
9:15 of 2nd period - Jonas Brodin is hit by Joel Eriksson Ek and loses puck.
9:36 of 2nd period - Snap shot by Charlie Coyle.
9:36 of 2nd period - Shot Misses the Net.
9:46 of 2nd period - Slapshot by Blake Wheeler.
9:46 of 2nd period - Stopped by Matt Murray without a rebound.
9:47 of 2nd period - Evgeny Kuznetsov wins face-off versus Ryan Hartman in Kraken zone.
9:56 of 2nd period - Wrist shot by Ryan Hartman.
9:56 of 2nd period - Shot Misses the Net.
9:58 of 2nd period - Slapshot by Ryan Hartman.
9:58 of 2nd period - Stopped by Alexandar Georgiev with a rebound.
10:00 of 2nd period - Wrist shot by David Perron.
10:00 of 2nd period - Stopped by Alexandar Georgiev without a rebound.
10:01 of 2nd period - Charlie Coyle wins face-off versus Evgeny Kuznetsov in Rangers zone.
10:35 of 2nd period - Wrist shot by Joel Eriksson Ek.
10:35 of 2nd period - Stopped by Matt Murray with a rebound.
11:22 of 2nd period - Icing by Curtis Lazar.
11:23 of 2nd period - Ryan Poehling wins face-off versus Joel Eriksson Ek in Kraken zone.
11:23 of 2nd period - Ryan Poehling is hit by Jake Guentzel.
11:31 of 2nd period - Slapshot by Seth Jones.
11:31 of 2nd period - Shot Blocked by Filip Hronek.
12:20 of 2nd period - Slapshot by Nick Seeler.
12:20 of 2nd period - Shot Blocked by Oliver Bjorkstrand.
12:22 of 2nd period - Wrist shot by Nick Holden.
12:22 of 2nd period - Shot Misses the Net.
12:24 of 2nd period - Snap shot by Kasperi Kapanen.
12:24 of 2nd period - Stopped by Matt Murray with a rebound.
12:36 of 2nd period - Snap shot by Oliver Bjorkstrand.
12:36 of 2nd period - Stopped by Alexandar Georgiev with a rebound.
13:03 of 2nd period - Wrist shot by Ryan Hartman.
13:03 of 2nd period - Stopped by Alexandar Georgiev with a rebound.
13:33 of 2nd period - Slapshot by Adam Pelech.
13:33 of 2nd period - Shot Blocked by Justin Holl.
13:54 of 2nd period - Slapshot by David Perron.
13:54 of 2nd period - Shot Misses the Net.
13:56 of 2nd period - Slapshot by Connor Murphy.
13:56 of 2nd period - Shot Misses the Net.
13:58 of 2nd period - Slapshot by Ilya Lyubushkin.
13:58 of 2nd period - Shot Misses the Net.
14:00 of 2nd period - Slapshot by Connor Murphy.
14:00 of 2nd period - Stopped by Alexandar Georgiev without a rebound.
14:01 of 2nd period - Joel Eriksson Ek wins face-off versus Charlie Coyle in Rangers zone.
14:06 of 2nd period - Wrist shot by Jack Hughes.
14:06 of 2nd period - Shot Misses the Net.
14:08 of 2nd period - Snap shot by Jack Hughes.
14:08 of 2nd period - Stopped by Matt Murray without a rebound.
14:09 of 2nd period - Charlie Coyle wins face-off versus Joel Eriksson Ek in Kraken zone.
15:08 of 2nd period - Snap shot by Jack Hughes.
15:08 of 2nd period - Deflect By Jake Guentzel.
15:08 of 2nd period - Stopped by Matt Murray without a rebound.
15:09 of 2nd period - Evgeny Kuznetsov wins face-off versus Ryan Hartman in Kraken zone.
16:29 of 2nd period - Evgeny Kuznetsov is hit by Jonas Brodin and loses puck.
16:34 of 2nd period - Wrist shot by Radek Faksa.
16:34 of 2nd period - Stopped by Alexandar Georgiev without a rebound.
16:35 of 2nd period - Joel Eriksson Ek wins face-off versus Charlie Coyle in Rangers zone.
16:52 of 2nd period - Wrist shot by Oliver Bjorkstrand.
16:52 of 2nd period - Shot Misses the Net.
16:58 of 2nd period - Artturi Lehkonen is hit by Joel Eriksson Ek and loses puck.
17:19 of 2nd period - Snap shot by Jack Hughes.
17:19 of 2nd period - Stopped by Matt Murray without a rebound.
17:20 of 2nd period - Ryan Hartman wins face-off versus Sebastian Aho in Kraken zone.
17:35 of 2nd period - Wrist shot by Ryan Hartman.
17:35 of 2nd period - Shot Blocked by Carl Grundstrom.
17:41 of 2nd period - Evgeny Kuznetsov is hit by Vladimir Tarasenko and loses puck.
17:53 of 2nd period - Minor Penalty to Ryan Hartman for Hooking.
17:54 of 2nd period - Joel Eriksson Ek wins face-off versus Radek Faksa in Kraken zone.
18:08 of 2nd period - Slapshot by Charlie Coyle.
18:08 of 2nd period - Shot Blocked by Sebastian Aho.
19:53 of 2nd period - Penalty to Ryan Hartman is over, Ryan Hartman is back on ice.
19:53 of 2nd period - Connor Murphy is hit by Blake Wheeler and loses puck.
19:59 of 2nd period - Off-side.
Goals for this period are 0 for Kraken vs 1 for Rangers.
Shots for this period are 8 for Kraken vs 9 for Rangers.

3rd period


0:01 of 3rd period - Vladimir Tarasenko wins face-off versus Evgeny Kuznetsov in neutral zone.
0:04 of 3rd period - Wrist shot by David Perron.
0:04 of 3rd period - Shot Hit the Post.
0:23 of 3rd period - Icing by David Perron.
0:24 of 3rd period - Joel Eriksson Ek wins face-off versus Ryan Hartman in Kraken zone.
0:55 of 3rd period - Snap shot by Charlie Coyle.
0:55 of 3rd period - Stopped by Alexandar Georgiev with a rebound.
0:57 of 3rd period - Snap shot by Charlie Coyle.
0:57 of 3rd period - Stopped by Alexandar Georgiev with a rebound.
0:59 of 3rd period - Wrist shot by Oliver Bjorkstrand.
0:59 of 3rd period - Shot Misses the Net.
1:01 of 3rd period - Slapshot by Christopher Tanev.
1:01 of 3rd period - Shot Misses the Net.
1:03 of 3rd period - Backhand shot by Artturi Lehkonen.
1:03 of 3rd period - Stopped by Alexandar Georgiev without a rebound.
1:04 of 3rd period - Radek Faksa wins face-off versus Joel Eriksson Ek in Rangers zone.
1:11 of 3rd period - Barclay Goodrow is hit by Jack Hughes and loses puck.
1:20 of 3rd period - Snap shot by Barclay Goodrow.
1:20 of 3rd period - Shot Blocked by Jake Guentzel.
3:25 of 3rd period - Snap shot by Blake Wheeler.
3:25 of 3rd period - Deflect By Christian Dvorak.
3:25 of 3rd period - Shot Misses the Net.
3:25 of 3rd period - Puck is out of play.
3:26 of 3rd period - Evgeny Kuznetsov wins face-off versus Charlie Coyle in Kraken zone.
3:29 of 3rd period - Snap shot by Sebastian Aho.
3:29 of 3rd period - Stopped by Matt Murray without a rebound.
3:30 of 3rd period - Evgeny Kuznetsov wins face-off versus Charlie Coyle in Kraken zone.
3:45 of 3rd period - Slapshot by Artturi Lehkonen.
3:45 of 3rd period - Stopped by Alexandar Georgiev with a rebound.
4:32 of 3rd period - Minor Penalty to Martin Fehervary for Elbowing.
4:33 of 3rd period - Joel Eriksson Ek wins face-off versus Charlie Coyle in Rangers zone.
4:33 of 3rd period - Joel Eriksson Ek is hit by Connor Murphy.
4:46 of 3rd period - Slapshot by Anton Lundell.
4:46 of 3rd period - Shot Misses the Net.
4:48 of 3rd period - Snap shot by Anton Lundell.
4:48 of 3rd period - Goal by Anton Lundell - Kraken : 0 - Rangers : 2.
4:49 of 3rd period - Ryan Hartman wins face-off versus Joel Eriksson Ek in neutral zone.
4:52 of 3rd period - Anton Lundell is hit by David Perron and loses puck.
6:32 of 3rd period - Penalty to Martin Fehervary is over, Martin Fehervary is back on ice.
7:24 of 3rd period - Icing by Joel Eriksson Ek.
7:25 of 3rd period - Joel Eriksson Ek wins face-off versus Charlie Coyle in Rangers zone.
7:44 of 3rd period - Snap shot by Sebastian Aho.
7:44 of 3rd period - Shot Misses the Net.
8:13 of 3rd period - Ryan Hartman is hit by Blake Wheeler and loses puck.
8:35 of 3rd period - Filip Hronek is hit by Artturi Lehkonen and loses puck.
9:14 of 3rd period - Slapshot by Martin Fehervary.
9:14 of 3rd period - Stopped by Matt Murray with a rebound.
9:16 of 3rd period - Slapshot by Filip Hronek.
9:16 of 3rd period - Stopped by Matt Murray with a rebound.
9:37 of 3rd period - Wrist shot by Artturi Lehkonen.
9:37 of 3rd period - Stopped by Alexandar Georgiev with a rebound.
9:39 of 3rd period - Slapshot by Jonas Brodin.
9:39 of 3rd period - Stopped by Alexandar Georgiev with a rebound.
9:41 of 3rd period - Slapshot by Jonas Brodin.
9:41 of 3rd period - Stopped by Alexandar Georgiev with a rebound.
9:43 of 3rd period - Wrist shot by Artturi Lehkonen.
9:43 of 3rd period - Shot Misses the Net.
9:45 of 3rd period - Wrist shot by Artturi Lehkonen.
9:45 of 3rd period - Stopped by Alexandar Georgiev without a rebound.
9:46 of 3rd period - Joel Eriksson Ek wins face-off versus Ryan Hartman in Rangers zone.
9:46 of 3rd period - Joel Eriksson Ek is hit by David Perron.
9:54 of 3rd period - Justin Holl is hit by Jake Guentzel and loses puck.
11:26 of 3rd period - Snap shot by Ryan Hartman.
11:26 of 3rd period - Shot Misses the Net.
12:23 of 3rd period - Carl Grundstrom is hit by Ryan Hartman and loses puck.
13:00 of 3rd period - Wrist shot by Vladimir Tarasenko.
13:00 of 3rd period - Shot Misses the Net.
13:18 of 3rd period - Filip Hronek is hit by Seth Jones and loses puck.
13:25 of 3rd period - Slapshot by David Perron.
13:25 of 3rd period - Shot Misses the Net.
13:31 of 3rd period - Snap shot by Evgeny Kuznetsov.
13:31 of 3rd period - Shot Misses the Net.
13:33 of 3rd period - Wrist shot by Martin Fehervary.
13:33 of 3rd period - Deflect By Evgeny Kuznetsov.
13:33 of 3rd period - Shot Misses the Net.
13:33 of 3rd period - Puck is out of play.
13:34 of 3rd period - Charlie Coyle wins face-off versus Joel Eriksson Ek in Kraken zone.
13:34 of 3rd period - Charlie Coyle is hit by Joel Eriksson Ek.
13:44 of 3rd period - Joel Eriksson Ek is hit by Oliver Bjorkstrand.
14:38 of 3rd period - Michael Pezzetta is hit by Seth Jones and loses puck.
14:45 of 3rd period - Snap shot by Zach Aston-Reese.
14:45 of 3rd period - Shot Misses the Net.
14:47 of 3rd period - Snap shot by Jonas Brodin.
14:47 of 3rd period - Shot Misses the Net.
14:49 of 3rd period - Snap shot by Ryan Poehling.
14:49 of 3rd period - Stopped by Alexandar Georgiev with a rebound.
14:51 of 3rd period - Snap shot by Zach Aston-Reese.
14:51 of 3rd period - Shot Misses the Net.
14:53 of 3rd period - Wrist shot by Ryan Poehling.
14:53 of 3rd period - Shot Blocked by Nick Holden.
15:01 of 3rd period - Snap shot by Zach Aston-Reese.
15:01 of 3rd period - Shot Blocked by Nick Holden.
15:03 of 3rd period - Slapshot by Seth Jones.
15:03 of 3rd period - Stopped by Alexandar Georgiev with a rebound.
15:05 of 3rd period - Snap shot by Zach Aston-Reese.
15:05 of 3rd period - Shot Misses the Net.
15:31 of 3rd period - Nick Seeler is hit by Ryan Poehling.
15:53 of 3rd period - Snap shot by Morgan Barron.
15:53 of 3rd period - Shot Misses the Net.
16:39 of 3rd period - Michael Pezzetta is hit by Curtis Lazar and loses puck.
16:46 of 3rd period - Wrist shot by Zach Aston-Reese.
16:46 of 3rd period - Shot Misses the Net.
16:48 of 3rd period - Wrist shot by Curtis Lazar.
16:48 of 3rd period - Shot Blocked by Nick Holden.
16:56 of 3rd period - Slapshot by Ryan Poehling.
16:56 of 3rd period - Goal by Ryan Poehling - Kraken : 1 - Rangers : 2.
16:57 of 3rd period - Radek Faksa wins face-off versus Anton Lundell in neutral zone.
17:32 of 3rd period - Slapshot by Adam Pelech.
17:32 of 3rd period - Deflect By Joel Eriksson Ek.
17:32 of 3rd period - Stopped by Matt Murray with a rebound.
17:34 of 3rd period - Slapshot by Kevin Shattenkirk.
17:34 of 3rd period - Deflect By Jake Guentzel.
17:34 of 3rd period - Stopped by Matt Murray without a rebound.
17:35 of 3rd period - Joel Eriksson Ek wins face-off versus Charlie Coyle in Kraken zone.
17:46 of 3rd period - Snap shot by Oliver Bjorkstrand.
17:46 of 3rd period - Shot Misses the Net.
17:48 of 3rd period - Slapshot by Ilya Lyubushkin.
17:48 of 3rd period - Shot Misses the Net.
17:50 of 3rd period - Wrist shot by Oliver Bjorkstrand.
17:50 of 3rd period - Shot Misses the Net.
17:52 of 3rd period - Snap shot by Artturi Lehkonen.
17:52 of 3rd period - Shot Misses the Net.
18:11 of 3rd period - Wrist shot by Ryan Donato.
18:11 of 3rd period - Stopped by Alexandar Georgiev with a rebound.
18:13 of 3rd period - Backhand shot by Ryan Donato.
18:13 of 3rd period - Stopped by Alexandar Georgiev with a rebound.
18:23 of 3rd period - Justin Holl is hit by Adam Pelech and loses puck.
18:32 of 3rd period - Wrist shot by Evgeny Kuznetsov.
18:32 of 3rd period - Stopped by Matt Murray with a rebound.
19:09 of 3rd period - Wrist shot by Joel Eriksson Ek.
19:09 of 3rd period - Shot Blocked by Connor Murphy.
19:19 of 3rd period - Kraken, Matt Murray is pulled from the net.
19:19 of 3rd period - Wrist shot by Ryan Hartman.
19:19 of 3rd period - Stopped by Alexandar Georgiev without a rebound.
19:20 of 3rd period - Bob Hartley call a timeout for Kraken.
19:20 of 3rd period - Ryan Hartman wins face-off versus Joel Eriksson Ek in Rangers zone.
Goals for this period are 1 for Kraken vs 1 for Rangers.
Shots for this period are 14 for Kraken vs 7 for Rangers.